 Dungeon Crawl Stone Soup version 0.28.0-45-g0d030f2227 (webtiles) character file.

Game seed: 8734875067266809237

58 Neebert the Shield-Bearer (level 3, 0/33 HPs)
             Began as a Minotaur Fighter on Apr 24, 2022.
             Slain by an adder (3 damage)
             ... on level 2 of the Dungeon.
             The game lasted 00:03:21 (923 turns).

Neebert the Shield-Bearer (Minotaur Fighter)         Turns: 923, Time: 00:03:22

Health: 0/33       AC:  7    Str: 20    XL:     3   Next: 75%
Magic:  2/2        EV:  9    Int:  5    God:
Gold:   43         SH:  4    Dex: 11    Spells: 2/2 levels left

rFire   . . .      SeeInvis .   a - +0 war axe
rCold   . . .      Faith    .   c - +0 buckler
rNeg    . . .      Spirit   .   b - +0 scale mail
rPois   .          Reflect  .   (helmet restricted)
rElec   .          Harm     .   (no cloak)
rCorr   .          Rampage  .   (no gloves)
Will    .....                   (no boots)
Stlth   ..........              (no amulet)
HPRegen 0.11/turn               (no ring)
MPRegen 0.08/turn               (no ring)

@: no status effects
A: horns 2, retaliatory headbutt
a: no special abilities


You were on level 2 of the Dungeon.
You visited 1 branch of the dungeon, and saw 2 of its levels.

You collected 43 gold pieces.

Inventory:

Hand Weapons
 a - a +0 war axe (weapon)
Armour
 b - a +0 scale mail (worn)
 c - a +0 buckler (worn)
Scrolls
 e - a scroll of teleportation {unknown}
 f - a scroll of noise {unknown}
 g - a scroll of brand weapon {unknown}
Potions
 d - a potion of might
 h - a potion of berserk rage {unknown}


   Skills:
 + Level 4.1 Fighting
 + Level 3.6 Axes
 + Level 4.0 Armour
 + Level 0.2 Dodging
 + Level 0.1 Stealth
 + Level 4.1 Shields


You had 2 spell levels left.
You didn't know any spells.
Your spell library was empty.

Dungeon Overview and Level Annotations

Branches:
Dungeon (2/15)

Altars:

Annotations:
D:2 Jessica


Innate Abilities, Weirdness & Mutations

You have a pair of horns on your head.
You reflexively headbutt those who attack you in melee.


Message History

Robin throws the goblin at you! The goblin closely misses you.
Robin barely misses you.
Your Armour skill increases to level 4!
Robin hits you but does no damage.
There is an open door, spattered with blood here.
Things that are here:
a +0 club; a +0 club; a goblin corpse You hit Robin.
Robin is lightly wounded.
You slash the goblin!
You kill the goblin!
Robin hits you with a +2 vorpal spear.
You hit Robin but do no damage.
Robin is lightly wounded.
Robin hits you with a +2 vorpal spear.
* * * LOW HITPOINT WARNING * * *
x2 You hit Robin.
Robin is heavily wounded.
Robin hits you but does no damage. Robin hits you with a +2 vorpal spear.
* * * LOW HITPOINT WARNING * * *
x2 You barely miss Robin.
You headbutt Robin.
Robin is severely wounded.
Robin barely misses you.
You slash Robin!
You kill Robin!
You start resting.
Jessica the Apprentice Sorceress comes into view.
She is wielding a +0 club.
You open the door.
An adder comes into view.
The adder hisses angrily.
The adder bites you.
* * * LOW HITPOINT WARNING * * *
There is an open door here.
You slash the adder!
The adder is almost dead.
The adder closely misses you. The adder barely misses you.
You miss the adder.
The adder is almost dead.
The adder closely misses you. The adder bites you.
You die...

..@...?.##..#
#.........# #.))†..#
##)## ##.).##
##.....## .
##.......##
#...####@........###.
#..S@.............
##.##..........##. #.
##.......#.# ..
##.....##.# ..
##...## # ## ##'##
#.# #.# #.########.##


You could see an adder and Jessica.

Vanquished Creatures
  Robin (D:2)
  3 dart slugs (D:1)
  2 endoplasms
  10 goblins
  6 hobgoblins
  5 ball pythons
  2 bats (D:1)
  4 frilled lizards
  4 kobolds
  2 rats (D:1)
39 creatures vanquished.

Notes
Turn   | Place    | Note
-------+----------+-------------------------------------------
     0 | D:1      | Neebert the Minotaur Fighter began the quest for the Orb.
     0 | D:1      | Reached XP level 1. HP: 19/19 MP: 0/0
   286 | D:1      | Reached XP level 2. HP: 25/27 MP: 1/1
   854 | D:2      | Reached XP level 3. HP: 33/33 MP: 2/2
   868 | D:2      | Noticed Robin
   890 | D:2      | Killed Robin
   915 | D:2      | Noticed Jessica
   923 | D:2      | Slain by an adder

Illustrated notes

Levels and vault maps discovered:
D:1:      wander_arrival_estate, layout_rooms
D:2:      layout_loops_corners, basic_altar, minmay_quadrilaterals,
          uniq_crazy_yiuf_cottage, uniq_robin, uniq_jessica

Skill      XL: |  1  2  3 |
---------------+----------+-----
Shields        | 4 |  4.1
Fighting       | 4 |  4.1
Axes           | 3 |  3.6
Armour         | 4 |  4.0
Dodging        | |  0.2
Stealth        | |  0.1

Action                   || total
-------------------------++-------
Melee: War axe           ||    68
       Headbutt          ||     9
Armor: Scale mail        ||    48
Dodge: Dodged            ||    37
Block: Buckler           ||    17
